 Dungeon Crawl Stone Soup version 0.24-a0-378-g94936e539c (webtiles) character file.

Game seed: 11297969816431529955

2212 collywobble the Covert (level 9, -2/52 HPs)
             Began as an Octopode Assassin on June 1, 2019.
             Was a Follower of Dithmenos.
             Slain by a wolf (7 damage)
             ... led by Grum
             ... on level 8 of the Dungeon.
             The game lasted 00:17:46 (8586 turns).

collywobble the Covert (Octopode Assassin)          Turns: 8586, Time: 00:17:48

Health: -2/52      AC:  3    Str: 13    XL:     9   Next: 35%
Magic:  12/12      EV: 11    Int: 15    God:    Dithmenos [*.....]
Gold:   171        SH:  8    Dex: 17    Spells: 10/12 levels left

rFire    . . .     SeeInvis +   a - +2 dagger
rCold    . . .     Gourm    .   z - +0 shield
rNeg     . . .     Faith    .   w - +2 hat
rPois    .         Spirit   .   v - amulet of magic regeneration
rElec    .         Reflect  .   s - ring of resist corrosion
rCorr    +         Harm     .   m - ring of see invisible
MR       .....                  A - +3 ring of strength
Stlth    ++++++....             o - ring of flight
HPRegen  0.17/turn              y - ring of wizardry
MPRegen  0.38/turn              (no ring)
                                (no ring)
                                (no ring)

@: wreathed by umbra
A: almost no armour, stealthy swim, amphibious, 8 rings, constrict 8, camouflage
1, clever 1, frail 1, gelatinous body 1
a: Renounce Religion, Evoke Flight


You were on level 8 of the Dungeon.
You worshipped Dithmenos.
Dithmenos was aware of your devotion.
You were not hungry.

You visited 2 branches of the dungeon, and saw 9 of its levels.

You collected 346 gold pieces.
You spent 175 gold pieces at shops.

Inventory:

Hand Weapons
 a - a +2 dagger (weapon)
 j - a +2 glaive of venom
Missiles
 b - 5 boomerangs of dispersal
 c - a curare-tipped dart
 e - 2 boomerangs
 f - 18 poisoned darts (quivered)
Armour
 w - a +2 hat (worn)
 z - a +0 shield (worn)
Jewellery
 m - a ring of see invisible (right tentacle)
 o - a ring of flight (on tentacle)
 s - a ring of resist corrosion (left tentacle)
 v - an amulet of magic regeneration (around mantle)
 y - a ring of wizardry (on tentacle)
 A - a +3 ring of strength (on tentacle)
Wands
 x - a wand of paralysis (7)
 C - a wand of disintegration (27)
 D - a wand of flame (14)
Scrolls
 p - 3 scrolls of noise
 q - a scroll of amnesia
 r - 4 scrolls of teleportation
 t - 6 scrolls of identify
 B - 2 scrolls of remove curse
 E - a scroll of enchant armour
Potions
 g - a potion of flight
 h - a potion of invisibility
 i - 4 potions of curing
 k - 2 potions of haste
 l - a potion of cancellation
 n - a potion of agility
 u - 2 potions of heal wounds
 F - a potion of ambrosia {unknown}
 G - a potion of brilliance {unknown}
Comestibles
 d - 16 rations


   Skills:
 + Level 4.0 Fighting
 + Level 5.9 Short Blades
 + Level 5.1 Throwing
 - Level 2.2 Dodging
 - Level 10.0 Stealth
 * Level 1.9 Shields
 * Level 2.3 Spellcasting
 - Level 3.5 Charms
 - Level 3.0 Air Magic


You had 10 spell levels left.
You knew the following spells:

 Your Spells              Type           Power        Failure   Level  Hunger
a - Swiftness             Chrm/Air       ##......     17%         2    ###....

Your spell library contained the following spells:

 Spells                   Type           Power        Failure   Level  Hunger
 Shock                    Conj/Air       #...         24%         1    #......
 Static Discharge         Conj/Air       #.......     56%         3    ###....
 Airstrike                Air            ##........   75%         4    #####..
 Lightning Bolt           Conj/Air       #.........   99%         5    ######.


Dungeon Overview and Level Annotations

Branches:
Dungeon (8/15)             Temple (1/1) D:6
   Lair: D:8-11

Altars:
Ashenzari
Cheibriados
Dithmenos
Elyvilon
Gozag
Hepliaklqana
Kikubaaqudgha
Makhleb
Nemelex Xobeh
Okawaru
Qazlal
Ru
Sif Muna
Trog
Uskayaw
Vehumet
Wu Jian
Xom
Yredelemnul
Zin
The Shining One

Shops:
D:5 *

Annotations:
D:3 3 runed translucent doors, Scuka's ghost, amateur DrFE
D:6 exclusion: downstairs
D:8 Grum


Innate Abilities, Weirdness & Mutations

You cannot wear most types of armour.
You are very stealthy in the water. (Stealth+)
You are amphibious.
You can wear up to eight rings at the same time.
You can use your tentacles to constrict eight enemies at once.
Your skin changes colour to match your surroundings (Stealth+).
Your rubbery body absorbs attacks. (AC +1, EV +1)
Your mind is acute. (Int +2)
You are frail. (-10% HP)


Message History

You are too injured to fight recklessly!
You are too injured to fight recklessly!
You are too injured to fight recklessly!
You hit Grum.
Grum is moderately wounded.
You constrict Grum, but do no damage. Grum closely misses you.
You hit Grum but do no damage. You squeeze Grum!
Grum is heavily wounded.
You constrict Grum. You hit Grum.
Grum is severely wounded.
You constrict Grum. Grum hits you with a -1 spear!!
* * * LOW HITPOINT WARNING * * *
You hit Grum.
Grum is almost dead.
You constrict Grum. The wolf bites you but does no damage.
Grum hits you with a -1 spear.
* * * LOW HITPOINT WARNING * * *
The wolf bites you!
You die...

###.....##.########.#####
#.....##.# #.#
######.##.# ###.####
#......##.# #......#
##.....#..##(# #......##
###....#.#..##.#
#........ ...####.#.....#
#........ #.#........#.#
#........ #...##.##.@# #
#......## #...##.##hg#
######......#
#...##.##[(#
#.....##.####
#...##.#<.(# #.###.##.#
#### ###.##.##(####.#
#.##.# .(.#
#.##.##.#....# #....#
...######.##...('....#
######
.P.........####.#....#
...........## #.#....#


You could see Grum and a wolf.

Vanquished Creatures
  Edmund (D:5)
  A phantom (D:6)
  4 ogres
  2 wolves (D:8)
  A centaur (D:6)
  A big kobold (D:8)
  Blork the orc (D:6)
  2 bullfrogs
  A gnoll sergeant (D:7)
  4 scorpions
  A crimson imp (D:5)
  A centaur zombie (D:6)
  A bullfrog skeleton (D:5)
  A jelly (D:7)
  6 orc wizards
  4 orc priests
  3 centaur skeletons
  2 hounds (D:6)
  5 worker ants
  A killer bee zombie (D:6)
  A hound skeleton (D:4)
  5 gnolls
  2 howler monkey skeletons
  4 adders
  An ooze (D:3)
  An adder zombie (D:7)
  An adder skeleton (D:8)
  2 worms (D:2)
  2 dart slugs (D:1)
  3 leopard geckos
  15 orcs
  5 giant cockroaches
  9 goblins
  5 hobgoblins
  3 jackals (D:1)
  3 quokkas
  4 bats
  2 frilled lizards
  A jackal zombie (D:6)
  9 kobolds
  4 rats
125 creatures vanquished.

Notes
Turn   | Place    | Note
-------+----------+-------------------------------------------
     0 | D:1      | collywobble the Octopode Assassin began the quest for the
                  | Orb.
     0 | D:1      | Reached XP level 1. HP: 14/14 MP: 1/1
   278 | D:1      | Reached XP level 2. HP: 13/19 MP: 2/2
   434 | D:1      | Reached skill level 6 in Stealth
   653 | D:1      | Reached XP level 3. HP: 24/24 MP: 3/3
  1589 | D:2      | Found a white marble altar of Elyvilon.
  1643 | D:2      | Reached XP level 4. HP: 17/29 MP: 4/4
  2036 | D:2      | Found a faded altar of an unknown god.
  2198 | D:3      | Found a runed translucent gate.
  2199 | D:3      | Found a runed translucent gate.
  2200 | D:3      | Found a runed translucent gate.
  2203 | D:3      | Noticed Scuka's ghost (amateur DrFE)
  2284 | D:3      | Reached skill level 7 in Stealth
  2674 | D:4      | Noticed an ogre
  2697 | D:4      | Reached XP level 5. HP: 25/35 MP: 5/5
  2717 | D:4      | Killed an ogre
  2877 | D:4      | Reached XP level 6. HP: 33/41 MP: 6/6
  3169 | D:4      | Reached skill level 8 in Stealth
  3889 | D:4      | Reached XP level 7. HP: 38/45 MP: 7/7
  3980 | D:4      | Gained mutation: Your body sometimes deteriorates upon
                  | taking damage. [potion of mutation]
  3980 | D:4      | Lost mutation: Your body sometimes deteriorates upon taking
                  | damage. [potion of mutation]
  3980 | D:4      | Gained mutation: You are partially covered in yellow
                  | scales. (AC +2) [potion of mutation]
  4098 | D:4      | Found a sacrificial altar of Ru.
  4143 | D:5      | Entered Level 5 of the Dungeon
  4170 | D:5      | Lost mutation: You are partially covered in yellow scales.
                  | (AC +2) [potion of mutation]
  4170 | D:5      | Gained mutation: You are frail. (-10% HP) [potion of
                  | mutation]
  4170 | D:5      | Gained mutation: Your mind is acute. (Int +2) [potion of
                  | mutation]
  4253 | D:5      | Learned a level 2 spell: Swiftness
  4650 | D:5      | Found Udal's Assorted Antiques.
  4650 | D:5      | Noticed Edmund
  4669 | D:5      | Killed Edmund
  4669 | D:5      | Reached skill level 1 in Charms
  4669 | D:5      | Reached skill level 1 in Air Magic
  4893 | D:5      | Bought a runed hat for 175 gold pieces
  5161 | D:6      | Reached skill level 9 in Stealth
  5166 | D:6      | Reached XP level 8. HP: 36/46 MP: 8/8
  5430 | D:6      | Noticed Blork the orc
  5431 | D:6      | Reached skill level 5 in Short Blades
  5433 | D:6      | Killed Blork the orc
  5666 | D:6      | Found a staircase to the Ecumenical Temple.
  5678 | Temple   | Entered the Ecumenical Temple
  6166 | Temple   | Became a worshipper of Dithmenos the Shadowed
  6333 | D:6      | Reached skill level 1 in Spellcasting
  7515 | D:8      | Reached XP level 9. HP: 52/52 MP: 11/11
  7526 | D:8      | Reached * piety under Dithmenos
  7531 | D:8      | Reached skill level 10 in Stealth
  7635 | D:8      | Reached skill level 1 in Shields
  8297 | D:8      | Noticed Grum
  8308 | D:8      | Reached skill level 5 in Throwing
  8586 | D:8      | Slain by a wolf

Levels and vault maps discovered:
D:1:      dpeg_arrival_court, layout_rooms
D:2:      layout_basic, first_ration, chequers_ecumenical_altar_twisty,
          elyvilon_altar_1
D:3:      layout_rooms, serial_glass, glass_columns_a, glass_columns_a,
          gammafunk_ghost_necromancy
D:4:      layout_gridville, nicolae_ru_the_path_less_chosen
D:5:      layout_gridville, serial_shops, shop, uniq_edmund
D:6:      layout_loops_ring, minmay_temple_entry_antechambers, serial_glass,
          glass_columns_b, glass_columns_c, minmay_misc_feat_tower,
          kennysheep_minor_cross, uniq_blork_the_orc
D:7:      layout_basic
D:8:      layout_basic, blue_anna_alchemist [blue_anna_fruit_fields,
          blue_anna_fruit_fields], uniq_grum
Temple:   nicolae_temple_the_god_donut

Skill      XL: |  1  2  3  4  5  6  7  8  9 |
---------------+----------------------------+-----
Stealth        | 6 7 8 9 10 | 10.0
Short Blades   | 3 4 5 |  5.9
Throwing       | 3 4 5 |  5.1
Fighting       | 3 4 |  4.0
Dodging        | 2 |  2.2
Charms         | 1 3 |  3.5
Air Magic      | 1 2 3 |  3.0
Spellcasting   | 1 2 |  2.3
Shields        | 1 |  1.9

Action                   |  1- 3 |  4- 6 |  7- 9 || total
-------------------------+-------+-------+-------++-------
Melee: Dagger            |    70 |    83 |   167 ||   320
       Constrict         |    13 |    21 |    30 ||    64
       Tentacles         |     9 |    15 |    44 ||    68
Throw: Dart              |     7 |    26 |    55 ||    88
  Use: Scroll            |       |    14 |     7 ||    21
       Potion            |       |       |     2 ||     2
 Stab: Sleeping          |     4 |    12 |    18 ||    34
       Distracted        |       |       |     1 ||     1
  Eat: Chunk             |     2 |     7 |     9 ||    18
       Ration            |       |       |     2 ||     2
Armor: Skin              |     3 |     3 |     4 ||    10
Dodge: Dodged            |    36 |    34 |    59 ||   129
Block: Shield            |       |       |    23 ||    23

Table legend:
 A = Non-vault XP
 B = Vault XP
 C = Vault XP percentage of total XP
 D = Non-vault monster count
 E = Vault monster count
 F = Vault count percentage of total count
                 A         B        C        D         E       F
            +---------+---------+-------+---------+---------+-------
      Total |    2573 |     587 |  18.6 |     120 |       5 |   4.0
            +---------+---------+-------+---------+---------+-------
        D:1 |      56 |       0 |   0.0 |      23 |       0 |   0.0
        D:2 |      49 |       0 |   0.0 |      11 |       0 |   0.0
        D:3 |      45 |       0 |   0.0 |      16 |       0 |   0.0
        D:4 |     558 |       0 |   0.0 |      23 |       0 |   0.0
        D:5 |     253 |     169 |  40.0 |       5 |       1 |  16.7
        D:6 |     634 |      94 |  12.9 |      12 |       1 |   7.7
        D:7 |     475 |       0 |   0.0 |      12 |       0 |   0.0
        D:8 |     503 |     324 |  39.2 |      18 |       3 |  14.3
            +---------+---------+-------+---------+---------+-------
